 Dungeon Crawl Stone Soup version 0.19.1-1-g22dce08 (webtiles) character file.

39218 esteth the Severer (level 13, -3/116 HPs)
             Began as a Minotaur Fighter on Jan 1, 2017.
             Was a High Priest of Makhleb.
             Killed from afar by an acid blob (13 damage)
             ... with a splash of acid
             ... on level 6 of the Lair of Beasts.
             The game lasted 00:58:14 (17239 turns).

esteth the Severer (Minotaur Fighter)              Turns: 17239, Time: 00:58:14

Health: -3/116     AC:  5    Str: 27    XL:     13   Next: 68%
Magic:  22/22      EV: 11    Int:  4    God:    Makhleb [*****.]
Gold:   1077       SH:  5    Dex: 15    Spells: 0 memorised, 12 levels left

rFire  + . .     SeeInvis .     B - +9 war axe "Nuischid" {chop, Str+2 Int+3 Stlth+}
rCold  . . .     Gourm    .     Q - +2 plate armour
rNeg   + + .     Faith    .     i - +0 buckler of Gus Pec {rElec rF+ rN++ Int-4}
rPois  .         Spirit   .     (helmet restricted)
rElec  +         Reflect  .     A - +0 cloak
rCorr  .         Harm     .     h - +0 pair of gloves
MR     .....                    o - +0 pair of boots
Stlth  ..........               (no amulet)
                                Z - +4 ring of dexterity
                                x - +4 ring of evasion

@: corroded
A: retaliatory headbutt, horns 2
a: Minor Destruction, Lesser Servant of Makhleb, Major Destruction, Greater
Servant of Makhleb, Renounce Religion


You were on level 6 of the Lair of Beasts.
You worshipped Makhleb.
Makhleb was extremely pleased with you.
You were not hungry.

You visited 2 branches of the dungeon, and saw 15 of its levels.

You collected 1077 gold pieces.

Inventory:

Hand Weapons
 c - the +6 rapier "Mecach" {venom, rN+++ Str+6 Int+4 Stlth-}
   (You found it on level 4 of the Lair of Beasts)

   It poisons the flesh of those it strikes.
   It affects your strength (+6).
   It affects your intelligence (+4).
   It renders you almost immune to negative energy.
   It makes you less stealthy.
 B - the +9 war axe "Nuischid" (weapon) {chop, Str+2 Int+3 Stlth+}
   (You found it on level 5 of the Lair of Beasts)

   It inflicts extra damage upon your enemies.
   It affects your strength (+2).
   It affects your intelligence (+3).
   It makes you more stealthy.
 O - a +3 battleaxe of flaming
Missiles
 P - 15 tomahawks (quivered)
Armour
 h - a +0 pair of gloves (worn)
 i - the +0 buckler of Gus Pec (worn) {rElec rF+ rN++ Int-4}
   (You acquired it on level 9 of the Dungeon)

   It affects your intelligence (-4).
   It protects you from fire.
   It insulates you from electricity.
   It greatly protects you from negative energy.
 o - a +0 pair of boots (worn)
 A - a +0 cloak (worn)
 Q - a +2 plate armour (worn)
Jewellery
 j - an uncursed ring of positive energy
 x - a +4 ring of evasion (left hand)
 I - a +1 ring of evasion
 Z - a +4 ring of dexterity (right hand)
Wands
 q - a wand of lightning (0/15)
 t - a wand of slowing (25/48)
 y - a wand of digging (7/24)
 E - a wand of iceblast (0/15)
 U - a wand of disintegration (12/24)
 X - a wand of flame (29/48)
 Y - a wand of confusion (22/48)
Scrolls
 b - a scroll of brand weapon
 e - 4 scrolls of teleportation
 g - a scroll of blinking
 r - 10 scrolls of remove curse
 D - 2 scrolls of recharging
 R - 2 scrolls of fear
 T - a scroll of magic mapping
Potions
 a - a potion of cancellation {unknown}
 d - a potion of beneficial mutation {unknown}
 k - 6 potions of curing
 m - a potion of experience {unknown}
 n - 2 potions of heal wounds {unknown}
 s - 3 potions of lignification
 u - 3 potions of mutation {unknown}
 v - 3 potions of flight {unknown}
 z - 3 potions of cure mutation {unknown}
 C - 2 potions of magic
 H - a potion of invisibility {unknown}
 J - 2 potions of might
 M - 7 potions of agility
 V - a potion of resistance {unknown}
 W - a potion of ambrosia {unknown}
Comestibles
 f - 13 bread rations
 l - 9 meat rations
 p - 17 chunks of flesh
 w - 4 fruits
 G - 3 slices of pizza
 L - 14 royal jellies
 N - 9 beef jerkies


   Skills:
 - Level 11.4 Fighting
 - Level 16.6 Axes
 - Level 10.8 Armour
 - Level 4.0 Shields
 + Level 13.7 Invocations


You had 12 spell levels left.
You didn't know any spells.

Dungeon Overview and Level Annotations

Branches:
Dungeon (9/15)             Temple (0/1) D:6            Lair (6/6) D:9
 Shoals (0/4) Lair:4        Snake (0/4) Lair:2        Slime (0/5) Lair:6
    Orc: D:9-12

Altars:
Elyvilon
Fedhas
Gozag
Makhleb
Nemelex Xobeh
Qazlal
Trog
Uskayaw

Annotations:
D:6 exclusion: 4 electric eels


Innate Abilities, Weirdness & Mutations

You reflexively headbutt those who attack you in melee.
You have a pair of horns on your head.


Message History

You slash the acid blob! The acid corrodes you!
Your hands burn!
You headbutt the acid blob!
The acid blob is almost dead.
The acid blob jiggles.
The acid blob spits acid at you. The splash of acid hits you!
* * * LOW HITPOINT WARNING * * *
You are splashed with acid!
The acid burns!
* * * LOW HITPOINT WARNING * * *
You feel better. The acid blob hits you.
* * * LOW HITPOINT WARNING * * *
The acid corrodes you!
You are splashed with acid!
The acid burns!
* * * LOW HITPOINT WARNING * * *
Okay, then.
Okay, then.
Evoke which item? (* to show all) (? for menu, Esc to quit)
Okay, then.
The acid blob spits acid at you. The splash of acid hits you!
You die...

#### #######.......>........#
#..## ##.##........#...#.#...##
....# P.........##..#.#..##..#
#...# #P..............#..##..####
#...# #..........#....#####...##.
...####.........##.#..#####...##.
.....#.......................##..
#................†J!......P......
#...............@................
.....#...#......###....P#...#.♣♣♣
....#.....##.....###.####♣#♣♣#♣
#...###...##P...#.####
#..P.##..............♣# ♣♣♣♣♣
#................[....♣ ♣♣..)♣♣
......................♣ ♣♣♣..♣..♣
......................♣ ♣...♣♣♣..
.....................♣♣♣♣.♣♣♣ ♣♣÷


You could see an acid blob.

Vanquished Creatures
  Kirke (Lair:4)
  7 hydras
  A death yak (Lair:5)
  A hill giant (shapeshifter) (D:9)
  Pikel (D:5)
  A centaur zombie (D:9)
  A siren (Lair:4)
  4 black mambas
  14 spiny frogs
  2 rime drakes
  6 komodo dragons
  A queen bee (Lair:1)
  A hornet (Lair:6)
  4 polar bears
  3 blink frogs (Lair:6)
  3 hippogriffs
  A snapping turtle (Lair:4)
  2 two-headed ogres (D:9)
  A redback (Lair:6)
  13 spriggans (Lair:6)
  A shadow (D:9)
  3 wyverns
  18 yaks
  7 hogs (Lair:5)
  Menkaure (D:5)
  2 nagas (Lair:2)
  12 water moccasins
  14 porcupines
  3 black bears (Lair:6)
  5 ice beasts
  2 sky beasts
  3 slaves (D:5)
  An orc warrior (D:7)
  A phantom (D:5)
  A necrophage (D:6)
  4 centaurs
  3 boggarts (Lair:6)
  8 ogres
  21 wolves
  8 crocodiles
  13 bullfrogs
  A gnoll sergeant (D:9)
  30 killer bees
  6 wights
  A howler monkey (D:6)
  3 electric eels
  3 crimson imps (D:5)
  10 hounds
  Crazy Yiuf (D:5)
  2 orc priests
  19 jellies
  2 centaur skeletons
  3 iguanas
  A gnoll shaman (D:6)
  8 orc wizards
  2 hell rats (Lair:5)
  A worker ant (D:4)
  3 hound skeletons
  Robin (D:2)
  15 adders
  11 gnolls
  6 river rats
  3 shadow imps
  4 oozes
  An adder zombie (D:8)
  An adder skeleton (D:7)
  3 worms
  6 leopard geckos
  24 orcs
  2 ball pythons
  4 giant cockroaches
  18 goblins
  12 hobgoblins
  19 jackals
  8 quokkas
  9 bats
  A frilled lizard (D:1)
  7 kobolds
  A leopard gecko skeleton (D:5)
  A leopard gecko zombie (D:5)
  A quokka skeleton (D:5)
  19 rats
  4 fungi
  4 plants
480 creatures vanquished.

Vanquished Creatures (collateral kills)
  A hydra (Lair:6)
  A lindwurm (Lair:4)
  2 hornets (Lair:6)
  2 spriggans (Lair:6)
  A wolf (Lair:6)
7 creatures vanquished.

Vanquished Creatures (others)
  15 fungi
  12 plants
27 creatures vanquished.

Grand Total: 514 creatures vanquished

Notes
Turn   | Place    | Note
-------+----------+-------------------------------------------
     0 | D:1      | esteth the Minotaur Fighter began the quest for the Orb.
     0 | D:1      | Reached XP level 1. HP: 19/19 MP: 0/0
   125 | D:1      | Reached skill level 3 in Axes
   192 | D:1      | Reached XP level 2. HP: 24/26 MP: 1/1
   538 | D:1      | Reached skill level 4 in Axes
   843 | D:1      | Reached XP level 3. HP: 31/31 MP: 2/2
   922 | D:2      | Reached skill level 5 in Axes
   922 | D:2      | Reached XP level 4. HP: 35/39 MP: 3/3
  1498 | D:2      | Reached skill level 6 in Axes
  1500 | D:2      | Noticed Robin
  1509 | D:2      | Killed Robin
  1509 | D:2      | Reached XP level 5. HP: 37/45 MP: 4/4
  1977 | D:3      | Found a blossoming altar of Fedhas.
  2187 | D:3      | Reached skill level 7 in Axes
  2194 | D:3      | Found an opulent altar of Gozag.
  2815 | D:4      | Reached XP level 6. HP: 44/51 MP: 5/5
  3144 | D:4      | Reached skill level 8 in Axes
  3225 | D:5      | Entered Level 5 of the Dungeon
  3567 | D:5      | Noticed Menkaure
  3567 | D:5      | Noticed an ice beast
  3780 | D:5      | Reached skill level 9 in Axes
  3785 | D:5      | Reached XP level 7. HP: 29/57 MP: 6/6
  4312 | D:5      | Reached skill level 5 in Armour
  5004 | D:5      | Noticed Pikel
  5023 | D:5      | Killed Pikel
  5023 | D:5      | Reached XP level 8. HP: 56/64 MP: 7/7
  5044 | D:5      | Killed Menkaure
  5339 | D:5      | Found a runed door.
  5355 | D:5      | Noticed Crazy Yiuf
  5360 | D:5      | Killed Crazy Yiuf
  5657 | D:5      | Found a burning altar of Makhleb.
  5668 | D:5      | Reached skill level 5 in Fighting
  5670 | D:5      | Became a worshipper of Makhleb the Destroyer
  6106 | D:6      | Found a white marble altar of Elyvilon.
  6137 | D:6      | Reached XP level 9. HP: 79/79 MP: 8/8
  6416 | D:6      | Reached skill level 10 in Axes
  7124 | D:6      | Found a staircase to the Ecumenical Temple.
  7808 | D:7      | Found a sparkling altar of Nemelex Xobeh.
  7864 | D:7      | Reached * piety under Makhleb
  7885 | D:7      | Reached skill level 1 in Invocations
  8033 | D:7      | Found a white marble altar of Elyvilon.
  8313 | D:7      | Found a bloodstained altar of Trog.
  8591 | D:8      | Reached skill level 5 in Invocations
  8722 | D:8      | Found a hide-covered altar of Uskayaw.
  8731 | D:8      | Got a pitted war axe
  8732 | D:8      | Identified the +4 war axe of Disintegration {drain, Dex+4} (You found it on level 8 of the Dungeon)
  9018 | D:8      | Reached XP level 10. HP: 83/86 MP: 14/14
  9326 | D:9      | Reached ** piety under Makhleb
  9347 | D:9      | Found a staircase to the Lair.
  9410 | D:9      | Found a stormy altar of Qazlal.
  9458 | D:9      | Reached skill level 10 in Invocations
  9583 | D:9      | Identified a scroll of acquirement
  9584 | D:9      | Got a smoking buckler
  9586 | D:9      | Identified the +0 buckler of Gus Pec {rElec rF+ rN++ Int-4} (You acquired it on level 9 of the Dungeon)
  9862 | D:9      | Reached skill level 11 in Axes
 10065 | D:9      | Noticed a hill giant
 10071 | D:9      | Killed a hill giant
 10298 | Lair:1   | Entered Level 1 of the Lair of Beasts
 10561 | Lair:1   | Reached skill level 12 in Axes
 10561 | Lair:1   | Reached XP level 11. HP: 92/92 MP: 17/17
 10576 | Lair:1   | Reached *** piety under Makhleb
 10804 | Lair:1   | Reached skill level 13 in Axes
 11343 | Lair:2   | Reached **** piety under Makhleb
 11587 | Lair:2   | Found a staircase to the Snake Pit.
 11655 | Lair:2   | Noticed a four-headed hydra
 11668 | Lair:2   | Killed a one-headed hydra
 11668 | Lair:2   | Reached skill level 10 in Fighting
 11758 | Lair:2   | Noticed a seven-headed hydra
 11769 | Lair:2   | Killed a four-headed hydra
 12486 | Lair:3   | Reached skill level 10 in Armour
 12721 | Lair:3   | Noticed a six-headed hydra
 12737 | Lair:3   | Killed a two-headed hydra
 13043 | Lair:3   | Reached XP level 12. HP: 103/110 MP: 18/18
 13590 | Lair:4   | Got an iridescent rapier
 13591 | Lair:4   | Identified the +6 rapier "Mecach" {venom, rN+++ Str+6 Int+4 Stlth-} (You found it on level 4 of the Lair of Beasts)
 13775 | Lair:4   | Found a staircase to the Shoals.
 13776 | Lair:4   | Noticed a four-headed hydra
 13781 | Lair:4   | Killed a one-headed hydra
 13781 | Lair:4   | Reached skill level 14 in Axes
 14307 | Lair:4   | Reached skill level 15 in Axes
 14315 | Lair:4   | Reached ***** piety under Makhleb
 14417 | Lair:4   | Noticed an eight-headed hydra
 14422 | Lair:4   | Killed a six-headed hydra
 14670 | Lair:5   | Noticed Kirke
 14670 | Lair:5   | Reached skill level 16 in Axes
 14844 | Lair:4   | Killed Kirke
 15127 | Lair:5   | Noticed an eight-headed hydra
 15136 | Lair:5   | Killed a four-headed hydra
 15226 | Lair:5   | Got an ivory war axe
 15227 | Lair:5   | Identified the +9 war axe "Nuischid" {chop, Str+2 Int+3 Stlth+} (You found it on level 5 of the Lair of Beasts)
 15299 | Lair:5   | Noticed a death yak
 15311 | Lair:5   | Killed a death yak
 15311 | Lair:5   | Reached XP level 13. HP: 116/116 MP: 20/20
 15584 | Lair:6   | Entered Level 6 of the Lair of Beasts
 15905 | Lair:6   | Found a staircase to the Slime Pits.
 17227 | Lair:6   | Noticed an acid blob
 17239 | Lair:6   | Killed from afar by an acid blob

Skill      XL: |  1  2  3  4  5  6  7  8  9 10 11 12 13 |
---------------+----------------------------------------+-----
Axes           | 3 4 5 6 7 9 10 12 13 16 | 16.6
Armour         | 8 10 | 10.8
Fighting       | 7 11 | 11.4
Invocations    | 7 10 13 | 13.7
Shields        | 4 |  4.0

Action                   |  1- 3 |  4- 6 |  7- 9 | 10-12 | 13-15 || total
-------------------------+-------+-------+-------+-------+-------++-------
Melee: War axe           |    61 |   180 |   369 |   281 |   173 ||  1064
       Headbutt          |     9 |    27 |    63 |   105 |    39 ||   243
       Battleaxe         |       |       |       |   201 |     4 ||   205
       Unarmed           |       |       |       |     4 |       ||     4
Invok: Lesser Servant of |       |       |       |       |     5 ||     5
Evoke: Wand              |       |       |       |       |     8 ||     8
  Use: Scroll            |     2 |     6 |     3 |    13 |     3 ||    27
       Potion            |       |     1 |       |     1 |     5 ||     7
  Eat: Chunk             |       |     7 |     6 |    10 |     2 ||    25
       Meat ration       |       |     1 |       |       |       ||     1
       Bread ration      |       |       |     2 |     1 |       ||     3
       Royal jelly       |       |       |       |     3 |     2 ||     5
Armor: Scale mail        |     9 |       |       |       |       ||     9
       Chain mail        |    26 |   129 |   142 |     2 |       ||   299
       Plate armour      |       |       |       |   252 |    75 ||   327
Dodge: Dodged            |    14 |    59 |   132 |   281 |    77 ||   563
Block: Shield            |    32 |    99 |   153 |    34 |       ||   318
       Buckler           |       |       |       |    46 |    30 ||    76
